 Dungeon Crawl Stone Soup version 0.29-a0-380-gf50f0a9fbc (webtiles) character file.

Game seed: 132412538130882182

5350 holysushi the Martial Artist (level 10, -5/69 HPs)
             Began as an Octopode Transmuter on May 6, 2022.
             Was an Initiate of Gozag.
             Killed from afar by a hell hound (7 damage)
             ... with a blast of flame
             ... in a volcano.
             The game lasted 00:32:13 (13445 turns).

holysushi the Martial Artist (Octopode Transmuter) Turns: 13445, Time: 00:32:21

Health: -5/69      AC:  2    Str:  9    XL:     10   Next: 65%
Magic:  12/14      EV: 27    Int: 16    God:    Gozag
Gold:   923        SH:  0    Dex: 22    Spells: 9/15 levels left

rFire   + . .      SeeInvis .     - Unarmed
rCold   x . .      Faith    .   (shield currently unavailable)
rNeg    . . .      Spirit   .   (helmet currently unavailable)
rPois   x          Reflect  .   s - amulet of regeneration
rElec   .          Harm     .   v - ring of fire
rCorr   .          Rampage  .   (no ring)
Will    .....                   (no ring)
Stlth   +++.......              (no ring)
HPRegen 1.01/turn               (no ring)
MPRegen 0.14/turn               (no ring)
                                (no ring)
                                (no ring)

@: spider-form (expiring)
A: venomous fangs, almost no armour, (amphibious), 8 rings, tiny, (camouflage
1), (gelatinous body 1), (nimble swimmer 1), (tentacles)
a: End Transformation, Renounce Religion, Potion Petition, Call Merchant, Bribe
Branch


You were in a volcano.
You worshipped Gozag.
Gozag was pleased with you.
You were a venomous arachnid creature.
You visited 3 branches of the dungeon, and saw 11 of its levels.
You also visited: Bailey and Volcano.

You collected 1052 gold pieces.
You paid 129 gold pieces to Gozag.

Inventory:

Hand Weapons
 o - a +0 fustibalus
Armour
 b - a +1 hat of see invisible (melded)
Jewellery
 h - an amulet of guardian spirit
 r - an amulet of magic regeneration
 s - an amulet of regeneration (around neck)
 v - a ring of fire (left front leg)
Wands
 f - a wand of paralysis (9)
 l - a wand of polymorph (6)
 t - a wand of flame (5)
Scrolls
 m - a scroll of teleportation
 q - a scroll of blinking
 u - a scroll of torment {unknown}
 w - a scroll of enchant weapon
 x - 2 scrolls of brand weapon
 y - a scroll of poison
Potions
 a - 4 potions of lignification
 c - a potion of degeneration
 d - 3 potions of curing
 e - a potion of haste
 g - a potion of berserk rage
 i - 2 potions of flight
 j - 3 potions of might
 k - 2 potions of mutation
 n - a potion of invisibility
 p - a potion of brilliance


   Skills:
 + Level 6.6 Fighting
 * Level 8.0 Dodging
 + Level 5.1 Stealth
 * Level 9.4 Unarmed Combat
 - Level 3.0 Spellcasting
 + Level 4.4 Transmutations
 - Level 3.0 Poison Magic
 - Level 4.1 Evocations


You had 9 spell levels left.
You knew the following spells:

 Your Spells              Type           Power      Damage    Failure   Level
a - Beastly Appendage     Tmut           32%        N/A       11%         1
b - Wereblood             Tmut           16%        N/A       14%         2
c - Spider Form           Tmut/Pois      14%        N/A       28%         3

Your spell library contained the following spells:

 Spells                   Type           Power      Damage    Failure   Level
 Pain                     Necr           8%         1d4       38%         1
 Sublimation of Blood     Necr           2%         N/A       50%         2
 Ice Form                 Ice/Tmut       9%         N/A       78%         4
 Petrify                  Tmut/Erth      9%         N/A       78%         4
 Irradiate                Conj/Tmut      4%         3d14      98%         5
 Agony                    Necr           2%         N/A       100%        5
 Excruciating Wounds      Necr           1%         N/A       100%        5


Dungeon Overview and Level Annotations

Branches:
Dungeon (9/15)             Temple (1/1) D:6            Lair (1/6) D:8
 Bailey (visited)         Volcano (1/1)
    Orc: D:9-12

Altars:
Cheibriados
Dithmenos
Elyvilon
Fedhas
Gozag
Hepliaklqana
Kikubaaqudgha
Makhleb
Nemelex Xobeh
Okawaru
Qazlal
Ru
Sif Muna
Trog
Uskayaw
Vehumet
Wu Jian
Xom
Yredelemnul
Zin
The Shining One

Annotations:
D:7 exclusion: downstairs
D:8 exclusion: downstairs
D:9 Erolcha, Harold


Innate Abilities, Weirdness & Mutations

You are a venomous arachnid creature.
You have poisonous fangs.
You are tiny and dextrous.
Your spellcasting is less reliable in this form.
Your armour is entirely melded.
You are incapable of wielding weapons or throwing items.
You cannot wear most types of armour.
((You are amphibious.))
You can wear up to eight rings at the same time.
((Your skin changes colour to match your surroundings (Stealth+).))
((Your rubbery body absorbs attacks. (AC +1, EV +1)))
((You are camouflaged when in or above water. (Stealth+)))
((You have tentacles for arms and can constrict up to eight enemies at once.))


Message History

The hell hound is lightly wounded.
Unknown command.
You hit the hell hog.
The hell hog is poisoned.
The hell hog is lightly wounded.
The hell hound breathes flames at you.
The blast of flame hits the hell hog.
The hell hog completely resists.
The blast of flame misses you. The hell hound breathes flames at you.
The blast of flame hits the hell hog.
The hell hog completely resists.
The blast of flame hits you! You resist. The hell hog misses you.
The hell hound breathes flames at you.
The blast of flame hits the hell hog.
The hell hog completely resists.
The blast of flame misses you.
You hit the hell hog.
The hell hog looks as sick as possible!
The hell hog is lightly wounded.
The hell hog bites you!
Unknown command.
You completely miss the hell hog.
The hell hog is lightly wounded.
The hell hog breathes fire at you.
The fireball explodes!
The fireball engulfs you! You resist.
The fireball engulfs the hell hog.
The hell hog completely resists.
Unknown command.
You bite the hell hog!
The hell hog looks as sick as possible!
The hell hog is moderately wounded.
The hell hog breathes fire at you.
The fireball explodes!
The fireball engulfs you!! You resist.
* * * LOW HITPOINT WARNING * * *
The fireball engulfs the hell hog.
The hell hog completely resists.
The hell hog bites you.
* * * LOW HITPOINT WARNING * * *
Unknown command.
You hit the hell hog.
The hell hog is heavily wounded.
Your transformation is almost over.
The hell hound breathes flames at you.
The blast of flame misses the hell hog.
The blast of flame hits you! You resist.
You die...
Your body crumbles into a pile of gold.

§≈≈§≈≈§≈≈§≈≈≈≈≈≈≈≈≈§≈≈§≈§≈≈≈≈§≈§≈
§§§§≈§≈≈.................≈≈≈§≈≈≈≈
≈☼○○§≈≈.########'########.§≈≈§§≈≈
≈§☼○≈○≈.# #.# #.§≈§≈≈≈≈ ≈§§○○...#
#.# #.§≈≈≈≈≈≈ ○§§..≈≈.# $ $ #.# $
#§§§≈≈≈≈≈ ≈..§≈§≈.# $ #.# $ $
#§§§≈§§§§
.≈≈≈≈≈§.######.#.#.######.≈≈§≈§§§
≈≈§≈≈§§§#......#s#......#.§§§§§§§
≈≈≈≈≈§§§###++###h###++###.≈≈≈§≈≈≈
≈≈≈≈≈≈≈.#


hhh #.§≈≈§≈≈≈ ≈≈≈≈≈§§.# .8_8. #.≈≈≈≈≈≈≈ §§≈≈≈§≈.# +.....+ #.≈≈≈≈≈≈§
≈≈≈≈≈§§.#################.≈≈≈§§§≈ ≈≈≈§§≈§..........§§.§§§..≈§§§§§≈≈
≈≈≈§§≈≈§≈≈≈§§≈§§≈≈≈§≈§≈≈≈≈≈≈≈§§≈§ ≈≈≈§§≈≈§≈≈≈§§≈§§§§§≈§§§≈§≈§§§≈≈≈≈ You could
see a hell hog (extremely poisoned, catching breath) and 3 hell hounds.

Vanquished Creatures
  Pikel (D:9)
  A cane toad (Lair:1)
  A gargoyle (D:7)
  A rime drake (Lair:1)
  A troll (D:7)
  Grinder (D:3)
  Sigmund (D:3)
  2 fire bats (Volcano)
  A steam dragon (D:3)
  4 orc warriors
  3 black bears
  2 ice beasts
  An ogre (D:6)
  A sky beast (D:7)
  2 centaurs
  A phantom (D:6)
  4 bullfrogs
  A scorpion (D:5)
  14 killer bees
  2 troll zombies (D:9)
  A howler monkey (D:7)
  5 lava snakes (Volcano)
  4 hounds
  2 orc priests
  3 iguanas
  Natasha (thrice) (D:2)
  7 orc wizards
  An ogre zombie (D:9)
  Robin (D:2)
  5 gnolls
  6 adders
  A shadow imp (D:6)
  2 white imps
  2 ufetubi
  A worm (D:2)
  A dart slug (D:1)
  22 orcs
  4 ball pythons
  5 bats
  10 endoplasms
  9 goblins
  18 hobgoblins
  4 quokkas
  3 frilled lizards (D:3)
  A goblin zombie (D:9)
  A hobgoblin skeleton (D:9)
  9 kobolds
  An orc zombie (D:9)
  7 rats
184 creatures vanquished.

Vanquished Creatures (others)
  A rat (D:3)
  A fungus (Lair:1)
2 creatures vanquished.

Grand Total: 186 creatures vanquished

Notes
Turn   | Place    | Note
-------+----------+-------------------------------------------
     0 | D:1      | holysushi the Octopode Transmuter began the quest for the
                  | Orb.
     0 | D:1      | Reached XP level 1. HP: 13/13 MP: 3/3
   237 | D:1      | Reached XP level 2. HP: 18/18 MP: 3/5
   929 | D:1      | Reached XP level 3. HP: 18/24 MP: 4/6
   943 | D:1      | Learned a level 2 spell: Wereblood
   947 | D:1      | Learned a level 3 spell: Spider Form
  1200 | D:2      | Noticed Robin
  1209 | D:1      | Reached skill level 4 in Unarmed Combat
  1220 | D:2      | Killed Robin
  1226 | D:2      | Reached XP level 4. HP: 21/29 MP: 2/7
  1420 | D:2      | Found a glowing golden altar of the Shining One.
  1541 | D:2      | Reached skill level 1 in Poison Magic
  2135 | D:2      | Noticed Natasha
  2141 | D:2      | Killed Natasha
  2281 | D:2      | Noticed Natasha
  2298 | D:2      | Killed Natasha
  2299 | D:2      | Reached XP level 5. HP: 26/35 MP: 5/8
  2500 | D:2      | Noticed Natasha
  2507 | D:2      | Killed Natasha
  2947 | D:2      | Found a glowing golden altar of the Shining One.
  3359 | D:3      | Noticed Grinder
  3403 | D:3      | Noticed Sigmund
  3530 | D:3      | Noticed Ijyb
  3543 | D:3      | Noticed Ijyb
  3543 | D:3      | Ijyb changed into Ijyb the steam dragon
  3719 | D:3      | Killed Ijyb the steam dragon
  3720 | D:3      | Reached skill level 5 in Unarmed Combat
  3720 | D:3      | Reached skill level 1 in Evocations
  3720 | D:3      | Reached XP level 6. HP: 42/42 MP: 9/9
  4232 | D:3      | Paralysed by Grinder for 3 turns
  4256 | D:3      | Killed Sigmund
  4263 | D:3      | Killed Grinder
  4264 | D:3      | Reached XP level 7. HP: 26/46 MP: 10/10
  4450 | D:3      | Identified a scroll of acquirement
  4450 | D:3      | Acquired a +0 hat of see invisible
  4628 | D:4      | Reached skill level 6 in Unarmed Combat
  5294 | D:5      | Entered Level 5 of the Dungeon
  6274 | D:5      | Reached XP level 8. HP: 49/54 MP: 8/11
  7590 | D:6      | Found a staircase to the Ecumenical Temple.
  7600 | Temple   | Entered the Ecumenical Temple
  7819 | Temple   | Became a worshipper of Gozag Ym Sagoz the Greedy
  7864 | D:6      | Reached skill level 7 in Unarmed Combat
  8077 | D:6      | Reached skill level 5 in Dodging
  8088 | D:6      | Reached skill level 5 in Fighting
  9030 | D:7      | Found a flagged portal.
  9040 | Bailey   | Entered a bailey
  9093 | Bailey   | Reached skill level 1 in Stealth
  9093 | Bailey   | Reached XP level 9. HP: 61/61 MP: 12/12
  9251 | Bailey   | Reached skill level 8 in Unarmed Combat
  9318 | Bailey   | Noticed an orc knight
  9508 | D:7      | Noticed a gargoyle
  9544 | D:7      | Killed a gargoyle
  9910 | D:7      | Found an ancient bone altar of Kikubaaqudgha.
  9998 | D:7      | Noticed a troll
 10008 | D:7      | Killed a troll
 10350 | D:7      | You fall into a shaft and drop 2 floors!
 10371 | D:9      | Noticed Erolcha
 10528 | D:9      | Noticed Pikel
 10541 | D:9      | Killed Pikel
 11085 | D:9      | Reached XP level 10. HP: 49/68 MP: 4/14
 11523 | D:9      | Noticed Harold
 11619 | D:8      | Noticed a death yak
 12287 | D:8      | Found an ornate altar of the Wu Jian Council.
 12333 | D:8      | Found a sacrificial altar of Ru.
 12502 | D:8      | Reached skill level 9 in Unarmed Combat
 12756 | D:8      | Found a staircase to the Lair.
 12763 | D:8      | Noticed a cyclops
 12767 | D:8      | Noticed an elephant
 12768 | Lair:1   | Entered Level 1 of the Lair of Beasts
 12768 | Lair:1   | Noticed a cane toad
 12783 | Lair:1   | Killed a cane toad
 12956 | Lair:1   | Found a dark tunnel.
 12962 | Volcano  | Entered a volcano
 13181 | Volcano  | Reached skill level 5 in Stealth
 13436 | Volcano  | Found a burning altar of Makhleb.
 13436 | Volcano  | Noticed a hell hog
 13444 | Volcano  | HP: 1/69 [hell hog (3)]
 13445 | Volcano  | Killed from afar by a hell hound

Illustrated notes

Levels and vault maps discovered:
D:1:      mrwooster_arrival_statue_2, layout_loops_ring
D:2:      layout_loops_ring, basic_altar, uniq_robin, uniq_natasha
D:3:      layout_basic, minmay_mini_jars, uniq_sigmund, uniq_ijyb, uniq_grinder
D:4:      layout_basic, minmay_tree_intersection, hangedman_decor_riveting
D:5:      layout_rooms, hangedman_decor_growths
D:6:      layout_basic, minmay_temple_entry_nine_rooms
D:7:      layout_basic, nicolae_kikubaaqudgha_miasma_corner, enter_bailey_2,
          minmay_statues_item
D:8:      layout_basic, chequers_temple_overflow_statue_of_worship,
          mainiacjoe_overflow_concentric_impassable, david_lair_generic
D:9:      layout_layer_cave, zombieorc1_lemuel, minivault_11,
          uniq_prince_ribbit1, uniq_pikel, uniq_harold, uniq_erolcha
Temple:   regret_index_temple_mists
Lair:1:   beast_lair_carwin_large_2, layout_cave_pods, enter_volcano_2,
          chequers_serial_rivers_micro_c, st_stairs_10, serial_bayou_ford_a,
          grunt_megastairs_5
Volcano:  volcano_lake [vl_original]

Skill      XL: |  1  2  3  4  5  6  7  8  9 10 |
---------------+-------------------------------+-----
Unarmed Combat | 4 5 6 7 8 9 |  9.4
Fighting       | 2 3 5 6 |  6.6
Poison Magic   | 1 2 3 |  3.0
Dodging        | 3 4 5 7 8 |  8.0
Evocations     | 1 2 4 |  4.1
Transmutations | 3 4 |  4.4
Stealth        | 1 3 5 |  5.1
Spellcasting   | 3 |  3.0

Action                   |  1- 3 |  4- 6 |  7- 9 | 10-12 || total
-------------------------+-------+-------+-------+-------++-------
Melee: Unarmed           |    62 |    93 |   302 |   130 ||   587
       Constrict         |    16 |    17 |    15 |     6 ||    54
       Kick              |    15 |     6 |    10 |       ||    31
       Tentacles         |    12 |    18 |    25 |     8 ||    63
       Punch             |     2 |     1 |     5 |     3 ||    11
 Cast: Beastly Appendage |    15 |     6 |    10 |       ||    31
       Wereblood         |     1 |       |     2 |     3 ||     6
       Spider Form       |       |     4 |    33 |    14 ||    51
Evoke: Wand              |       |     7 |    10 |       ||    17
  Use: Scroll            |       |     3 |    14 |     1 ||    18
       Potion            |       |     5 |     3 |     1 ||     9
 Stab: Sleeping          |     5 |     8 |     3 |     2 ||    18
       Distracted        |       |     1 |       |       ||     1
       Paralysed         |       |    12 |    14 |       ||    26
       Invisible         |       |       |     3 |       ||     3
Armor: Skin              |     2 |     2 |    11 |     6 ||    21
Dodge: Dodged            |    31 |    39 |   254 |   131 ||   455

Table legend: (Time is in decaauts)
 A = Elapsed time spent in this place.
 B = Non-inter-level travel time spent in this place.
 C = Inter-level travel time spent in this place.
 D = Time resting spent in this place.
 E = Time spent auto-exploring this place.
 F = Levels seen in this place.
 G = Mean time per level.
                   A        B        C        D        E       F      G
               +--------+--------+--------+--------+--------+-----+--------+
         Total |  13386 |  13018 |    368 |   3986 |   5379 |  13 | 1029.7 |
       Dungeon |  12035 |  11695 |    340 |   3883 |   5298 |   9 | 1337.2 |
        Temple |    227 |    227 |      0 |     35 |     81 |   1 |  227.0 |
          Lair |    189 |    161 |     28 |     20 |      0 |   1 |  189.0 |
        Bailey |    459 |    459 |      0 |     10 |      0 |   1 |  459.0 |
       Volcano |    474 |    474 |      0 |     38 |      0 |   1 |  474.0 |
               +--------+--------+--------+--------+--------+-----+--------+

Top non-repeatable levels by time:
     D:2: 1909 daAuts
     D:6: 1823 daAuts
     D:7: 1609 daAuts
     D:3: 1375 daAuts
     D:4: 1210 daAuts
     D:1: 1196 daAuts
     D:5: 1163 daAuts
     D:9: 1162 daAuts
     D:8: 584 daAuts
 Volcano: 474 daAuts
  Bailey: 459 daAuts
  Temple: 227 daAuts
  Lair:1: 189 daAuts
